Match 45298394
Unlisted

Match 45298394
End
Construct Infanterie Kompanie
Selects Mechanized Battlegroup
Grenadier Squad
Grenadier Squad
Grenadier Squad
Construct Luftwaffe Kompanie
Jäger Squad
Support Elements
221 Scout Car
Selects Mobile Repair Stations
Luftwaffe Officer Quarters
Wirbelwind Flakpanzer
Wirbelwind Flakpanzer
Pioneer Squad
Jm200092
游戏玩家
LostSorin
빅옵빠이까룽단
호롤롤루
PiffaWiff
Still In Love
Komeiji Satori
0
0

Comments sign in to comment!

No comments posted yet!